 Dungeon Crawl Stone Soup version 0.30-a0-122-g2a1322497e (webtiles) character file.

Game seed: 3263111772071927069

1186 Decritt the Sneak (level 8, -3/42 HPs)
             Began as a Spriggan Hunter on Sept 16, 2022.
             Succumbed to a gnoll sergeant's poison
             ... on level 5 of the Dungeon.
             The game lasted 00:14:25 (6363 turns).

Decritt the Sneak (Spriggan Hunter)                 Turns: 6363, Time: 00:14:26

Health: -3/42      AC:  2    Str:  7    XL:     8   Next: 19%
Magic:  9/9        EV: 24    Int: 10    God:
Gold:   352        SH:  0    Dex: 27    Spells: 7/7 levels left

rFire   . . .      SeeInvis +    a - +0 shortbow (flame)
rCold   . . .      Faith    .    (shield currently unavailable)
rNeg    . . .      Spirit   .    c - +0 robe
rPois   .          Reflect  .    (helmet restricted)
rElec   .          Harm     .    (no cloak)
rCorr   .          Rampage  .    (gloves unavailable)
Will    +....                    (boots unavailable)
Stlth   ++++......               (no amulet)
HPRegen 0.14/turn                g - ring of flight
MPRegen 0.11/turn                q - +6 ring of dexterity

@: lethally poisoned (-3 -> -33), flying, very quick
A: very small, no large weapons, unfitting armour, see invisible, speed 3
a: no special abilities


You were on level 5 of the Dungeon.
You visited 2 branches of the dungeon, and saw 7 of its levels.

You collected 352 gold pieces.

Inventory:

Hand Weapons
 a - a +0 shortbow of flaming (weapon)
 e - a +3 flail
Armour
 c - a +0 robe (worn)
Jewellery
 g - a ring of flight (left hand)
 q - a +6 ring of dexterity (right hand)
Wands
 m - a wand of quicksilver (16)
 n - a wand of flame (22)
 v - a wand of mindburst (12)
Scrolls
 b - 3 scrolls of immolation
 d - a scroll of blinking
 f - a scroll of butterflies {unknown}
 h - 3 scrolls of teleportation
 k - a scroll of magic mapping {unknown}
 p - a scroll of enchant armour {unknown}
 r - a scroll of enchant weapon {unknown}
 t - a scroll of fear {unknown}
Potions
 i - a potion of curing
 j - a potion of invisibility {unknown}
 l - 2 potions of lignification {unknown}
 o - a potion of berserk rage {unknown}
 s - a potion of attraction
 u - a potion of degeneration {unknown}


   Skills:
 + Level 4.2 Fighting
 + Level 6.3 Ranged Weapons
 + Level 7.0 Dodging
 + Level 7.6 Stealth
 + Level 0.5 Evocations


You had 7 spell levels left.
You didn't know any spells.
Your spell library contained the following spells:

 Spells                   Type           Power      Damage    Failure   Level
 Ensorcelled Hibernation  Hex/Ice        0%         N/A       50%         2
 Passwall                 Tmut/Erth      0%         N/A       50%         2
 Scorch                   Fire           0%         2d5       50%         2
 Static Discharge         Conj/Air       0%         3-3/arc   50%         2
 Inner Flame              Hex/Fire       0%         N/A       75%         3
 Swiftness                Air            0%         N/A       75%         3
 Cause Fear               Hex            0%         N/A       98%         4
 Flame Wave               Conj/Fire      0%         2d4       98%         4
 Leda's Liquefaction      Hex/Erth       0%         N/A       98%         4
 Arcjolt                  Conj/Air       0%         1d10      100%        5
 Freezing Cloud           Conj/Ice/Air   0%         6-21      100%        5
 Lightning Bolt           Conj/Air       0%         1d11      100%        5
 Simulacrum               Ice/Necr       0%         N/A       100%        6
 Summon Cactus Giant      Summ           0%         N/A       100%        6
 Borgnjor's Revivificati  Necr           0%         N/A       100%        8
 Maxwell's Capacitive Co  Air            0%         ∞         100%        8
 Necromutation            Tmut/Necr      0%         N/A       100%        8
 Death's Door             Necr           0%         N/A       100%        9
 Polar Vortex             Ice            0%         N/A       100%        9


Dungeon Overview and Level Annotations

Branches:
Dungeon (6/15)             Temple (1/1) D:4

Altars:
Gozag
Kikubaaqudgha
Ru
Sif Muna
Vehumet
Xom
Zin
The Shining One


Innate Abilities, Weirdness & Mutations

You are very small and have problems with some larger weapons.
You are too small for most types of armour.
You have supernaturally acute eyesight. (SInv)
You cover ground extremely quickly. (Speed+++)


Message History

There is a stone staircase leading up here.
You shoot an arrow.
The arrow closely misses the gnoll sergeant.
Aiming: Quicksilver Bolt
Press: ? - help, Shift-Dir - straight line, f/p - gnoll sergeant
Aim: a gnoll sergeant, wielding a +4 trident of venom and wearing a +0 scale mail (79% to hit)
The bolt of dispelling energy hits the gnoll sergeant.
The gnoll sergeant is lightly wounded.
Aiming: Mindburst
Press: ? - help, Shift-Dir - straight line, f/p - gnoll sergeant
Aim: a gnoll sergeant, wielding a +4 trident of venom and wearing a +0 scale mail (lightly wounded, chance to affect: 66%)
The gnoll sergeant struggles to resist.
The gnoll sergeant completely misses you.
Aiming: Mindburst
Press: ? - help, Shift-Dir - straight line, f/p - gnoll sergeant
Aim: a gnoll sergeant, wielding a +4 trident of venom and wearing a +0 scale mail (lightly wounded, chance to affect: 66%)
The gnoll sergeant struggles to resist.
The gnoll sergeant completely misses you.
Aiming: Quicksilver Bolt
Press: ? - help, Shift-Dir - straight line, f/p - gnoll sergeant
Aim: a gnoll sergeant, wielding a +4 trident of venom and wearing a +0 scale mail (lightly wounded, 79% to hit)
The bolt of dispelling energy misses the gnoll sergeant.
The bolt of dispelling energy misses the gnoll.
The gnoll sergeant misses you.
Fire: a) +0 shortbow (flame)
Press: ? - help, Q - select action, (/) - cycle Shift-Dir - straight line, f/p - gnoll sergeant
Aim: a gnoll sergeant, wielding a +4 trident of venom and wearing a +0 scale mail (lightly wounded, 75% to hit)
You shoot an arrow.
The arrow barely misses the gnoll sergeant.
The arrow hits the gnoll.
The arrow burns the gnoll.
The gnoll is heavily wounded.
The gnoll sergeant hits you from afar with a +4 trident of venom! x2
* * * LOW HITPOINT WARNING * * *
You are poisoned.
You feel very sick.
The gnoll sergeant hits you from afar with a +4 trident of venom!
* * * LOW HITPOINT WARNING * * *
You are more poisoned.
You fly upwards.
You die...

#############
################...........#
........#......#@..........#
........#......'...........#
####.########..#...........#
#############..#.....##+##.######
+..............'.....'.....#..#..
#..............#.....#....#....>.
##..###..##....#.....#....#......
##..#######..###.....###..##...>.
.........##+##.....#####..##.....


There were no monsters in sight!

Vanquished Creatures
  2 ogres (D:4)
  A phantom (D:5)
  A gnoll sergeant (D:5)
  A necrophage (D:5)
  4 scorpions
  2 hounds (D:4)
  A jelly (D:4)
  Ijyb (D:3)
  Natasha (thrice) (D:3)
  An iguana (D:5)
  2 orc wizards (D:5)
  19 gnolls
  5 adders
  A worm (D:4)
  3 dart slugs
  10 orcs
  4 bats
  3 endoplasms
  2 giant cockroaches
  9 hobgoblins
  3 jackals (D:5)
  5 quokkas
  4 ball pythons
  3 frilled lizards (D:1)
  4 goblins
  9 kobolds
  4 rats
107 creatures vanquished.

Notes
Turn   | Place    | Note
-------+----------+-------------------------------------------
     0 | D:1      | Decritt the Spriggan Hunter began the quest for the Orb.
     0 | D:1      | Reached XP level 1. HP: 10/10 MP: 2/2
   108 | D:1      | Found a faded altar of an unknown god.
   176 | D:1      | Reached XP level 2. HP: 15/15 MP: 3/3
  1103 | D:2      | Reached XP level 3. HP: 18/18 MP: 4/4
  1657 | D:3      | Noticed Ijyb
  1661 | D:3      | Killed Ijyb
  1662 | D:3      | Reached XP level 4. HP: 23/23 MP: 5/5
  1704 | D:3      | Noticed Natasha
  1713 | D:3      | Killed Natasha
  1863 | D:3      | Found a shimmering blue altar of Sif Muna.
  2165 | D:3      | Noticed Natasha
  2170 | D:3      | Killed Natasha
  2171 | D:3      | Reached XP level 5. HP: 27/27 MP: 6/6
  2208 | D:3      | Noticed Natasha
  2262 | D:3      | Killed Natasha
  3220 | D:3      | Reached skill level 5 in Ranged Weapons
  3495 | D:3      | Reached XP level 6. HP: 27/32 MP: 7/7
  3731 | D:4      | Reached skill level 5 in Stealth
  3856 | D:4      | Reached skill level 5 in Dodging
  3876 | D:4      | Got the Vellum of Scorching Bewitchment
  4140 | D:4      | Found a staircase to the Ecumenical Temple.
  4150 | Temple   | Entered the Ecumenical Temple
  4552 | D:4      | Reached XP level 7. HP: 26/36 MP: 8/8
  4714 | D:5      | Entered Level 5 of the Dungeon
  5458 | D:5      | Reached XP level 8. HP: 35/42 MP: 9/9
  6363 | D:5      | Succumbed to a gnoll sergeant's poison

Illustrated notes

Levels and vault maps discovered:
D:1:      shiori_arrival_maze, layout_loops_ring,
          shapermc_ecumenical_altar_flowoftime
D:2:      layout_basic
D:3:      layout_loops_ring, general_overflow_altar,
          dreamdust_princess_corridor, uniq_ijyb, uniq_natasha
D:4:      minmay_razor_zed, layout_rooms, minmay_temple_entry_glassed_door,
          kennysheep_boxes
D:5:      layout_gridville, lightli_minifort
D:6:      layout_rooms, grunt_qazlal_clouds, mainiacjoe_overflow_cross_hatched,
          nicolae_overflow_crystal_walls, uniq_prince_ribbit1, uniq_grinder
Temple:   nicolae_temple_little_seven

Skill      XL: |  1  2  3  4  5  6  7  8 |
---------------+-------------------------+-----
Stealth        | 2 3 4 6 7 |  7.6
Dodging        | 3 4 5 6 7 |  7.0
Fighting       | 2 3 4 |  4.2
Ranged Weapons | 5 6 |  6.3
Evocations     | |  0.5

Action                   |  1- 3 |  4- 6 |  7- 9 || total
-------------------------+-------+-------+-------++-------
 Fire: Shortbow          |    78 |   177 |   120 ||   375
Evoke: Wand              |       |       |     4 ||     4
  Use: Potion            |     1 |     3 |       ||     4
       Scroll            |       |     2 |     5 ||     7
Armor: Robe              |     1 |     2 |       ||     3
Dodge: Dodged            |    21 |   103 |    36 ||   160

Table legend: (Time is in decaauts)
 A = Elapsed time spent in this place.
 B = Non-inter-level travel time spent in this place.
 C = Inter-level travel time spent in this place.
 D = Time resting spent in this place.
 E = Time spent auto-exploring this place.
 F = Levels seen in this place.
 G = Mean time per level.
                   A        B        C        D        E       F      G
               +--------+--------+--------+--------+--------+-----+--------+
         Total |   5027 |   4918 |    109 |   1804 |   2265 |   7 |  718.1 |
       Dungeon |   4994 |   4887 |    107 |   1804 |   2243 |   6 |  832.3 |
        Temple |     33 |     31 |      2 |      0 |     21 |   1 |   33.0 |
               +--------+--------+--------+--------+--------+-----+--------+

Top non-repeatable levels by time:
     D:3: 1577 daAuts
     D:4: 1273 daAuts
     D:5: 1267 daAuts
     D:1: 514 daAuts
     D:2: 301 daAuts
     D:6: 61 daAuts
  Temple: 33 daAuts
